PA-
HICKSVILLE HOUNDS @ ATHLETIC CLUB KC U-21
09/02/2055
 
TOP OF THE 1ST
Hicksville Hounds batting - Pitching for Athletic Club KC U-21 : RHP Juan Pacheco
Pitching: RHP Juan Pacheco
Batting: RHB Tadamasa Higashi 0-0: Ground out 4-3 (Groundball, 4, EV 82.5 MPH)
Batting: LHB Joren Pelikaan 0-0: Ball
1-0: Ball
2-0: Ball
3-0: Called Strike
3-1: Base on Balls
Batting: RHB Manuel Castillo 0-0: Ball
1-0: Foul Ball, location: 2F
1-1: Called Strike
1-2: Ball
2-2: Foul Ball, location: 2F
2-2: Ball
3-2: Foul Ball, location: 2F
3-2: Fly out, F7 (Flyball, 7D, EV 81.2 MPH)
Batting: LHB Juan Soto 0-0: Ball
1-0: Foul Ball, location: 2F
1-1: Swinging Strike
1-2: Fielders Choice at 2nd, 6-4 (Groundball, 6, EV 95.6 MPH)
Top of the 1st over - 0 runs, 0 hits, 0 errors, 1 left on base; Hicksville 0 - Athletic Club KC 0
BOTTOM OF THE 1ST
Athletic Club KC U-21 batting - Pitching for Hicksville Hounds : RHP Willie Silva
Pitching: RHP Willie Silva
Batting: RHB Carl Vaughn 0-0: Ball
1-0: Ball
2-0: Ground out 5-3 (Groundball, 5, EV 78.8 MPH)
Batting: SHB Bartolo Rojas 0-0: Ball
1-0: Ball
2-0: SINGLE (Groundball, 4MD, EV 96.2 MPH)
Batting: RHB Martin Ryan 0-0: Ball
1-0: Foul Ball, location: 2F
1-1: Fly out, F9 (Flyball, 89M, EV 78.1 MPH)
Batting: RHB Rhys Jeffes 0-0: Swinging Strike
0-1: Ball
1-1: Ball
2-1: SINGLE (Groundball, 56D, EV 100.0 MPH)
Bartolo Rojas to second
Runner from 2nd tries for 3rd, SAFE, no throw by LF
Batting: RHB Luis Díaz 0-0: Ball
1-0: Called Strike
1-1: Ball
2-1: Ball
3-1: Called Strike
3-2: Base on Balls
Rhys Jeffes to second
Batting: LHB Salvador Guillén 0-0: Ball
1-0: Ball
2-0: Foul Ball, location: 2F
2-1: Ball
3-1: SINGLE (Groundball, 4MD, EV 98.1 MPH)
Bartolo Rojas scores
Rhys Jeffes to third
Luis Díaz to second
Runner from 3rd tries for Home, SAFE, throw by CF to home
Batting: SHB Juan Jose López 0-0: Called Strike
0-1: Fly out, F9 (Flyball, 9D, EV 108.1 MPH)
Bottom of the 1st over - 2 runs, 3 hits, 0 errors, 2 left on base; Hicksville 0 - Athletic Club KC 2
TOP OF THE 2ND
Hicksville Hounds batting - Pitching for Athletic Club KC U-21 : RHP Juan Pacheco
Batting: LHB James Bell 0-0: Fly out, F9 (Flyball, 89D, EV 91.2 MPH)
Batting: RHB Kidlat Pimentel 0-0: Ball
1-0: Ball
2-0: Called Strike
2-1: Bunt missed!
2-2: Fly out, F7 (Flyball, 78M, EV 86.2 MPH)
Batting: LHB Alonso Medina 0-0: Called Strike
0-1: Fly out, F9 (Flyball, 9D, EV 100.6 MPH)
Top of the 2nd over - 0 runs, 0 hits, 0 errors, 0 left on base; Hicksville 0 - Athletic Club KC 2
BOTTOM OF THE 2ND
Athletic Club KC U-21 batting - Pitching for Hicksville Hounds : RHP Willie Silva
Batting: LHB Loflinger Theissen 0-0: Ball
1-0: Called Strike
1-1: Called Strike
1-2: Ball
2-2: Strikes out looking
Batting: SHB Gordon Lipinski 0-0: Foul Ball, location: 2F
0-1: Fly out, F7 (Flyball, 7D, EV 85.6 MPH)
Batting: RHB Carl Vaughn 0-0: Called Strike
0-1: Ball
1-1: Swinging Strike
1-2: Foul Ball, location: 2F
1-2: Ball
2-2: Strikes out swinging
Bottom of the 2nd over - 0 runs, 0 hits, 0 errors, 0 left on base; Hicksville 0 - Athletic Club KC 2
TOP OF THE 3RD
Hicksville Hounds batting - Pitching for Athletic Club KC U-21 : RHP Juan Pacheco
Batting: LHB Mike Evans 0-0: Swinging Strike
0-1: Foul Ball, location: 2F
0-2: Ball
1-2: Ground out 6-3 (Groundball, 6, EV 100.0 MPH)
Batting: RHB Gerald Bolam 0-0: Called Strike
0-1: Called Strike
0-2: Ball
1-2: Strikes out swinging
Batting: RHB Tadamasa Higashi 0-0: Called Strike
0-1: Fly out, F7 (Flyball, 7LM, EV 71.9 MPH)
Top of the 3rd over - 0 runs, 0 hits, 0 errors, 0 left on base; Hicksville 0 - Athletic Club KC 2
BOTTOM OF THE 3RD
Athletic Club KC U-21 batting - Pitching for Hicksville Hounds : RHP Willie Silva
Batting: SHB Bartolo Rojas 0-0: Ball
1-0: Fly out, F8 (Flyball, 78XD, EV 91.2 MPH)
Batting: RHB Martin Ryan 0-0: Fly out, F2 (Popup, 2LF, EV 98.8 MPH)
Batting: RHB Rhys Jeffes 0-0: Called Strike
0-1: SINGLE (Line Drive, 34D, EV 95.0 MPH)
Batting: RHB Luis Díaz 0-0: Ball
1-0: Ball
Rhys Jeffes is caught stealing 2nd base 2-4
Bottom of the 3rd over - 0 runs, 1 hit, 0 errors, 0 left on base; Hicksville 0 - Athletic Club KC 2
TOP OF THE 4TH
Hicksville Hounds batting - Pitching for Athletic Club KC U-21 : RHP Juan Pacheco
Batting: LHB Joren Pelikaan 0-0: Ball
1-0: SINGLE (Line Drive, 9LS, EV 92.5 MPH)
Batting: RHB Manuel Castillo 0-0: Ball
1-0: Ball
2-0: Called Strike
2-1: Swinging Strike
2-2: Foul Ball, location: 2F
2-2: Fly out, F8 (Flyball, 8LXD, EV 105.0 MPH)
Batting: LHB Juan Soto 0-0: Swinging Strike
0-1: Ball
1-1: Ball
2-1: Ball
3-1: Swinging Strike
3-2: Foul Ball, location: 2F
3-2: Strikes out looking
Batting: LHB James Bell 0-0: Ball
1-0: Ball
2-0: Ball
3-0: Called Strike
3-1: Base on Balls
Joren Pelikaan to second
Batting: RHB Kidlat Pimentel 0-0: Ball
1-0: Foul Ball, location: 2F
1-1: Ball
2-1: Foul Ball, location: 2F
2-2: Fielders Choice at 2nd, 6-4 (Groundball, 6, EV 106.9 MPH)
Top of the 4th over - 0 runs, 1 hit, 0 errors, 2 left on base; Hicksville 0 - Athletic Club KC 2
BOTTOM OF THE 4TH
Athletic Club KC U-21 batting - Pitching for Hicksville Hounds : RHP Willie Silva
Batting: RHB Luis Díaz 0-0: Ball
1-0: Ball
2-0: Ball
3-0: Called Strike
3-1: Foul Ball, location: 2F
3-2: Ground out 1-3 (Groundball, 34S, EV 72.5 MPH)
Batting: LHB Salvador Guillén 0-0: Ball
1-0: Ball
2-0: SINGLE (Flyball, 7S, EV 98.8 MPH)
Batting: SHB Juan Jose López 0-0: Fielders Choice at 2nd, 4-6 (Groundball, 4S, EV 87.5 MPH)
Batting: LHB Loflinger Theissen 0-0: Ball
1-0: Ball
2-0: Ground out 4-3 (Groundball, 4, EV 83.1 MPH)
Bottom of the 4th over - 0 runs, 1 hit, 0 errors, 1 left on base; Hicksville 0 - Athletic Club KC 2
TOP OF THE 5TH
Hicksville Hounds batting - Pitching for Athletic Club KC U-21 : RHP Juan Pacheco
Batting: LHB Alonso Medina 0-0: Called Strike
0-1: Fly out, F8 (Flyball, 78D, EV 93.8 MPH)
Batting: LHB Mike Evans 0-0: Called Strike
0-1: Ball
1-1: Ball
2-1: Ball
3-1: Ground out 4-3 (Groundball, 4, EV 101.2 MPH)
Batting: RHB Gerald Bolam 0-0: Ball
1-0: Called Strike
1-1: Foul Ball, location: 2F
1-2: DOUBLE (Line Drive, 9LM, EV 104.4 MPH)
Batting: RHB Tadamasa Higashi 0-0: Swinging Strike
0-1: Ball
1-1: Fly out, F8 (Flyball, 8RM, EV 82.5 MPH)
Top of the 5th over - 0 runs, 1 hit, 0 errors, 1 left on base; Hicksville 0 - Athletic Club KC 2
BOTTOM OF THE 5TH
Athletic Club KC U-21 batting - Pitching for Hicksville Hounds : RHP Willie Silva
Batting: SHB Gordon Lipinski 0-0: Ball
1-0: Foul Ball, location: 2F
1-1: Foul Ball, location: 2F
1-2: Ball
2-2: Foul Ball, location: 2F
2-2: Ball
3-2: Base on Balls
Batting: RHB Carl Vaughn 0-0: Sac Bunt to 23 - play at second, runner OUT! 3-6
Batting: SHB Bartolo Rojas 0-0: Ball
Carl Vaughn is caught stealing 2nd base 2-6
1-0: Ball
2-0: Called Strike
2-1: Called Strike
2-2: Ball
3-2: Strikes out swinging
Bottom of the 5th over - 0 runs, 0 hits, 0 errors, 0 left on base; Hicksville 0 - Athletic Club KC 2
TOP OF THE 6TH
Hicksville Hounds batting - Pitching for Athletic Club KC U-21 : RHP Juan Pacheco
Pitching: LHP Ernesto Bernal
Batting: LHB Joren Pelikaan 0-0: Ball
1-0: Ball
2-0: Foul Ball, location: 2F
2-1: Ball
3-1: Foul Ball, location: 2F
3-2: Strikes out swinging
Batting: RHB Manuel Castillo 0-0: Ball
1-0: Ball
2-0: Swinging Strike
2-1: Foul Ball, location: 2F
2-2: Ground out 6-3 (Groundball, 6, EV 108.1 MPH)
Batting: LHB Juan Soto 0-0: Called Strike
0-1: Ball
1-1: Foul Ball, location: 2F
1-2: Foul Ball, location: 2F
1-2: Foul Ball, location: 2F
1-2: Strikes out looking
Top of the 6th over - 0 runs, 0 hits, 0 errors, 0 left on base; Hicksville 0 - Athletic Club KC 2
BOTTOM OF THE 6TH
Athletic Club KC U-21 batting - Pitching for Hicksville Hounds : RHP Willie Silva
Batting: RHB Martin Ryan 0-0: Ball
1-0: Ball
2-0: Swinging Strike
2-1: Ball
3-1: Base on Balls
Batting: RHB Rhys Jeffes 0-0: Ball
1-0: Called Strike
1-1: Foul Ball, location: 2F
1-2: SINGLE (Flyball, 8LS, EV 86.9 MPH)
Martin Ryan to second
Batting: RHB Luis Díaz 0-0: Ball
1-0: Ball
2-0: Called Strike
2-1: Ball
3-1: Base on Balls
Martin Ryan to third
Rhys Jeffes to second
Batting: LHB Salvador Guillén 0-0: Ball
1-0: DOUBLE (Flyball, 5D, EV 100.6 MPH)
Martin Ryan scores
Rhys Jeffes scores
Luis Díaz to third
Batting: SHB Juan Jose López 0-0: Called Strike
0-1: Foul Ball, location: 2F
0-2: Ball
1-2: Ground out 4-3 (Groundball, 4MS, EV 85.6 MPH)
Luis Díaz scores
Salvador Guillén to third
Batting: LHB Loflinger Theissen 0-0: Swinging Strike
0-1: Ball
1-1: Fly out, F8 (Line Drive, 78M, EV 103.1 MPH)
Batting: SHB Gordon Lipinski 0-0: DOUBLE (Flyball, 78D, EV 101.2 MPH)
Salvador Guillén scores
Pitching: LHP Yuk Yan
Batting: RHB Carl Vaughn 0-0: DOUBLE (Groundball, 5L, EV 101.9 MPH)
Gordon Lipinski scores
Batting: SHB Bartolo Rojas 0-0: Ball
1-0: Ball
2-0: Called Strike
2-1: Swinging Strike
2-2: Strikes out swinging
Bottom of the 6th over - 5 runs, 4 hits, 0 errors, 1 left on base; Hicksville 0 - Athletic Club KC 7
TOP OF THE 7TH
Hicksville Hounds batting - Pitching for Athletic Club KC U-21 : LHP Ernesto Bernal
Batting: LHB James Bell 0-0: Called Strike
0-1: Ball
1-1: Called Strike
1-2: Strikes out swinging
Batting: RHB Kidlat Pimentel 0-0: Called Strike
0-1: Foul Ball, location: 2F
0-2: Foul Ball, location: 2F
0-2: Foul Ball, location: 2F
0-2: Ball
1-2: Ball
2-2: Ball
3-2: SINGLE (Line Drive, 6M, EV 97.5 MPH)
Batting: LHB Alonso Medina 0-0: Called Strike
0-1: Foul Ball, location: 2F
0-2: Ball
1-2: Ball
2-2: Foul Ball, location: 2F
2-2: SINGLE (Line Drive, 89S, EV 92.5 MPH)
Kidlat Pimentel to second
Runner from 2nd tries for 3rd, SAFE, throw by CF made to third
Batting: LHB Mike Evans 0-0: Fly out, F8 (Flyball, 8RD, EV 100.0 MPH)
Pitching: LHP John Riley
Batting: RHB Gerald Bolam 0-0: Ball
1-0: Ball
2-0: Foul Ball, location: 2F
2-1: Foul Ball, location: 2F
2-2: Ball
3-2: Strikes out swinging
Top of the 7th over - 0 runs, 2 hits, 0 errors, 2 left on base; Hicksville 0 - Athletic Club KC 7
BOTTOM OF THE 7TH
Athletic Club KC U-21 batting - Pitching for Hicksville Hounds : LHP Yuk Yan
Pinch Hitting: RHB Chad Guitton 0-0: Called Strike
0-1: Foul Ball, location: 2F
0-2: Strikes out swinging
Batting: RHB Rhys Jeffes 0-0: Hit by Pitch
Batting: RHB Luis Díaz 0-0: Called Strike
0-1: Foul Ball, location: 2F
0-2: Ball
1-2: Ball
2-2: Ball
3-2: Foul Ball, location: 2F
3-2: Foul Ball, location: 2F
3-2: Base on Balls
Rhys Jeffes to second
Batting: LHB Salvador Guillén 0-0: Called Strike
0-1: Called Strike
0-2: Foul Ball, location: 2F
0-2: Ball
1-2: Ball
2-2: SINGLE (Groundball, 34D, EV 106.2 MPH) - runner OUT being hit by batted ball. (infield hit)
Batting: SHB Juan Jose López 0-0: Ball
1-0: Ball
2-0: Called Strike
2-1: SINGLE (Flyball, 89M, EV 82.5 MPH)
Rhys Jeffes to third
Salvador Guillén to second
Runner from 3rd tries for Home, SAFE, throw by RF to home
Batting: LHB Loflinger Theissen 0-0: Called Strike
0-1: Called Strike
0-2: Foul Ball, location: 2F
0-2: Ball
1-2: Ball
2-2: Strikes out looking
Bottom of the 7th over - 1 run, 2 hits, 0 errors, 2 left on base; Hicksville 0 - Athletic Club KC 8
TOP OF THE 8TH
Hicksville Hounds batting - Pitching for Athletic Club KC U-21 : LHP John Riley
Now at SS: José Rodríguez
Batting: RHB Tadamasa Higashi 0-0: Ball
1-0: Called Strike
1-1: Called Strike
1-2: Ball
2-2: Ball
3-2: Base on Balls
Pinch Hitting: RHB Ángelo Solís 0-0: Ball
1-0: Ball
2-0: Ball
3-0: Called Strike
3-1: Foul Ball, location: 2F
3-2: Foul Ball, location: 2F
3-2: Base on Balls
Tadamasa Higashi to second
Batting: RHB Manuel Castillo 0-0: Called Strike
0-1: Ball
1-1: Ball
2-1: Swinging Strike
2-2: Foul Ball, location: 2F
2-2: Strikes out looking
Batting: LHB Juan Soto 0-0: Ball
1-0: Foul Ball, location: 2F
1-1: Swinging Strike
1-2: Strikes out swinging
Batting: LHB James Bell 0-0: Called Strike
0-1: Called Strike
0-2: Ball
1-2: Strikes out swinging
Top of the 8th over - 0 runs, 0 hits, 0 errors, 2 left on base; Hicksville 0 - Athletic Club KC 8
BOTTOM OF THE 8TH
Athletic Club KC U-21 batting - Pitching for Hicksville Hounds : LHP Yuk Yan
Now in LF: Alonso Medina
Now in RF: Kidlat Karaganilla
Batting: SHB Gordon Lipinski 0-0: Foul Ball, location: 2F
0-1: Ball
1-1: Ball
2-1: Foul Ball, location: 2F
2-2: Ground out 5-3 (Groundball, 56S, EV 68.1 MPH)
Batting: RHB Carl Vaughn 0-0: Ball
1-0: Swinging Strike
1-1: Swinging Strike
1-2: Strikes out swinging
Batting: SHB Bartolo Rojas 0-0: Called Strike
0-1: Ball
1-1: Ball
2-1: Ball
3-1: Foul Ball, location: 2F
3-2: Strikes out swinging
Bottom of the 8th over - 0 runs, 0 hits, 0 errors, 0 left on base; Hicksville 0 - Athletic Club KC 8
TOP OF THE 9TH
Hicksville Hounds batting - Pitching for Athletic Club KC U-21 : LHP John Riley
Pinch Hitting: RHB Jeffery Foster 0-0: Called Strike
0-1: Swinging Strike
0-2: Ball
1-2: Strikes out swinging
Batting: LHB Alonso Medina 0-0: Ball
1-0: Ball
2-0: Called Strike
2-1: Ball
3-1: Called Strike
3-2: Strikes out swinging
Batting: LHB Mike Evans 0-0: Called Strike
0-1: Swinging Strike
0-2: Ball
1-2: Strikes out looking
Top of the 9th over - 0 runs, 0 hits, 0 errors, 0 left on base; Hicksville 0 - Athletic Club KC 8
Sunday, June 30th , 2024 - OOTP Baseball 23.10 Build 110